 Dungeon Crawl Stone Soup version 0.31-a0-977-gc230f8ef24 (webtiles) character file.

Game seed: 15576690997627916331

7 Spaninq the Sneak (level 1, -2/11 HPs)
             Began as a Spriggan Delver on Oct 29, 2023.
             Slain by a worm (7 damage)
             ... on level 2 of the Dungeon.
             The game lasted 00:02:06 (351 turns).

Spaninq the Sneak (Spriggan Delver)                  Turns: 351, Time: 00:02:06

Health: -2/11      AC:  2    Str:  8    XL:     1   Next: 91%
Magic:  2/2        EV: 17    Int: 11    God:
Gold:   8          SH:  0    Dex: 16    Spells: 0/0 levels left

rFire   . . .        h - +0 dagger
rCold   . . .        (no shield)
rNeg    . . .        b - +0 robe
rPois   .            (helmet restricted)
rElec   .            (no cloak)
rCorr   .            (gloves unavailable)
SInv    +            (boots unavailable)
Will    .....        (no amulet)
Stlth   ++++         (no ring)
HPRegen 0.21/turn    (no ring)
MPRegen 0.08/turn

%: no passive effects
@: very quick
A: very small, no large weapons, unfitting armour, see invisible, speed 3
a: no special abilities


You were on level 2 of the Dungeon.
You visited 1 branch of the dungeon, and saw 4 of its levels.

You collected 8 gold pieces.

Inventory:

Hand Weapons
 a - a +0 short sword
 h - a +0 dagger (weapon)
Armour
 b - a +0 robe (worn)
Wands
 g - a wand of digging (3)
Scrolls
 c - a scroll of fog
 d - a scroll of revelation
 e - a scroll of fear
Potions
 f - a potion of haste


   Skills:
 - Level 2.4 Fighting
 * Level 2.6 Short Blades
 - Level 2.6 Dodging
 * Level 7.5 Stealth


You couldn't memorise any spells.
You didn't know any spells.
Your spell library was empty.

Dungeon Overview and Level Annotations

Branches:
Dungeon (5/15)
 Temple: D:4-7

Altars:


Innate Abilities, Weirdness & Mutations

You are very small and have problems with some larger weapons.
You are too small for most types of armour.
You have supernaturally acute eyesight. (SInv)
You cover ground extremely quickly. (Speed+++)


Message History

The worm is lightly wounded.
You barely miss the worm.
The worm is lightly wounded.
The worm misses you.
You barely miss the worm.
The worm is lightly wounded.
You hit the worm.
The worm is lightly wounded.
The worm closely misses you.
You hit the worm.
The worm is moderately wounded.
You hit the worm.
The worm is moderately wounded.
The worm bites you.
You hit the worm but do no damage.
The worm is moderately wounded.
You hit the worm.
The worm is heavily wounded.
The worm barely misses you.
You hit the worm but do no damage.
The worm is heavily wounded.
You hit the worm.
The worm is heavily wounded.
The worm barely misses you.
You hit the worm.
The worm is severely wounded.
You hit the worm.
The worm is almost dead.
The worm misses you.
You hit the worm but do no damage.
The worm is almost dead.
You hit the worm.
The worm is almost dead.
The worm bites you.
Ouch! That really hurt!
You hit the worm but do no damage.
The worm is almost dead.
The worm bites you!
Ouch! That really hurt!
You die...

..#
#.######†#
#.....#..#
#######...##
#.......>.#
#.#########
#.# #.# #@#
#w# #.# #.#
#.# ..# ###


You could see a worm.

Vanquished Creatures
  A worm (D:3)
  A ball python (D:2)
  A kobold (D:3)
  2 frilled lizards (D:3)
5 creatures vanquished.

Notes
Turn   | Place    | Note
-------+----------+-------------------------------------------
     0 | D:5      | Spaninq the Spriggan Delver began the quest for the Orb.
     0 | D:5      | Reached XP level 1. HP: 11/11 MP: 2/2
   288 | D:3      | Noticed an orc priest
   288 | D:3      | Noticed an orc wizard
   351 | D:2      | Slain by a worm

Illustrated notes

Levels and vault maps discovered:
D:2:      layout_basic, basic_altar, hellmonk_ecumenical_altar_watching_god
D:3:      cheibrodos_pilgrimage, layout_basic, vehumet_altar_wand_db,
          tgw_kikubaaqudgha, eino_tiny_chamber, minmay_rat_hole
D:4:      layout_loops_ring, evilmike_ruin_ashenzari,
          minmay_temple_entry_junction_2, due_unseen_surprise,
          uniq_blork_the_orc, uniq_natasha
D:5:      layout_rooms, serial_shops, nicolae_shop_mannequins

Action                     || total
---------------------------++-------
  Melee: Dagger            ||    23
         Short sword       ||     2
   Stab: Sleeping          ||     3
 Armour: Robe              ||     4
  Dodge: Dodged            ||    12

Table legend: (Time is in decaauts)
 A = Elapsed time spent in this place.
 B = Non-inter-level travel time spent in this place.
 C = Inter-level travel time spent in this place.
 D = Time resting spent in this place.
 E = Time spent auto-exploring this place.
 F = Levels seen in this place.
 G = Mean time per level.
                   A        B        C        D        E       F      G
               +--------+--------+--------+--------+--------+-----+--------+
         Total |    219 |    219 |      0 |      0 |     37 |   4 |   54.8 |
       Dungeon |    219 |    219 |      0 |      0 |     37 |   4 |   54.8 |
               +--------+--------+--------+--------+--------+-----+--------+

Top non-repeatable levels by time:
     D:3: 167 daAuts
     D:5: 24 daAuts
     D:2: 24 daAuts
     D:4: 2 daAuts
